 Dungeon Crawl Stone Soup version 0.18-a0-246-gbfa2ae1 (webtiles) character file.

1254 Duffy the Gouger (level 8, -7/45 HPs)
             Began as a Felid Transmuter on Nov 25, 2015.
             Was an Elder of Dithmenos.
             Mangled by an orc warlord
             ... wielding a +0 war axe
              (32 damage)
             ... in a bailey.
             The game lasted 00:13:55 (7481 turns).

Duffy the Gouger (Felid Transmuter)                 Turns: 7481, Time: 00:13:55

Health: -7/45      AC:  5    Str:  6    XL:     8   Next: 26%
Magic:  9/12       EV: 20    Int: 15    God:    Dithmenos [****..]
Gold:   68         SH:  0    Dex: 23    Spells: 4 memorised, 1 level left
                                        Lives:  0   Deaths: 2

rFire  x . .     SeeInvis +       - Unarmed
rCold  + + +     Clarity  .     (armour unavailable)
rNeg   . . .     SustAt   .     (shield unavailable)
rPois  +         Gourm    .     (helmet unavailable)
rElec  .         Spirit   .     (cloak unavailable)
rCorr  .         Warding  .     (gloves unavailable)
rMut   .         Stasis   .     (boots unavailable)
MR     +....                    (no amulet)
Stlth  ++++++....               (no ring)
                                e - ring of protection from cold

@: agile, exhausted, ice-form, very slightly contaminated, hasted and slowed,
wreathed by umbra, somewhat resistant to hostile enchantments, very stealthy
A: no armour, no weapons or thrown items, (claws 0), (fangs 0), see invisible,
carnivore 3, (speed 0), (shaggy fur 0), slow metabolism 1, (sharp paws)
a: End Transformation, Shadow Step, Renounce Religion


You were in a bailey.
You worshipped Dithmenos.
Dithmenos was greatly pleased with you.
You were not hungry.
You were a creature of crystalline ice.
You visited 1 branch of the dungeon, and saw 7 of its levels.
You also visited: Sewer and Bailey.

You collected 255 gold pieces.
You spent 187 gold pieces at shops.


Innate Abilities, Weirdness & Mutations

You cannot wear armour.
You are incapable of wielding weapons or throwing items.
((You have sharp claws.))
((You have razor-sharp teeth.))
You have supernaturally acute eyesight.
You are carnivorous and can eat meat at any time.
((You cover ground quickly.))
((You are covered in thick fur (AC +2).))
You have a slow metabolism.
((Your sharp claws are effective at attacking unaware monsters.))


   Skills:
 + Level 5.7 Fighting
 - Level 6.0 Dodging
 - Level 3.5 Stealth
 + Level 8.3 Unarmed Combat
 - Level 2.0 Spellcasting
 - Level 5.0 Transmutations
 + Level 4.0 Ice Magic
 - Level 1.0 Poison Magic


You had one spell level left.
You knew the following spells:

 Your Spells              Type           Power        Failure   Level  Hunger
a - Spider Form           Trmt/Pois      ##........   21%         3    ###....
b - Beastly Appendage     Trmt           ###...       2%          1    #......
c - Ice Form              Ice/Trmt       ###.....     34%         4    #####..
s - Sticks to Snakes      Trmt           ###.....     4%          2    ###....

Inventory:

Missiles
 a - 95 arrows
Jewellery
 e - a ring of protection from cold (left front paw)
 x - a -3 ring of intelligence
Wands
 w - a wand of teleportation (2)
 A - a wand of digging (9)
Scrolls
 g - a scroll of immolation {unknown}
 i - a scroll of fog {unknown}
 k - 3 scrolls of fear
 l - 3 scrolls of remove curse
 q - a scroll of recharging {unknown}
 t - 2 scrolls of enchant weapon {unknown}
 u - 3 scrolls of magic mapping
 y - 4 scrolls of teleportation
 z - 2 scrolls of blinking
 B - a scroll of silence {unknown}
 E - a scroll of identify
Potions
 d - a potion of brilliance {unknown}
 f - 3 potions of curing
 h - 2 potions of might {unknown}
 n - a potion of lignification {unknown}
 o - a potion of cancellation
 p - a potion of agility
 r - 2 potions of haste
 C - a potion of resistance {unknown}
Books
 b - a book of Changes
 m - a book of Conjurations
Comestibles
 c - 3 meat rations
 j - a slice of pizza
 v - a beef jerky

Dungeon Overview and Level Annotations

Branches:
Dungeon (7/15)             Temple (0/1) D:6

Altars:
Cheibriados
Dithmenos
Elyvilon
Ru
Sif Muna
Vehumet
Xom
Yredelemnul

Shops:
D:4 (   D:5 ?

Annotations:
D:6 1 runed door


Message History

The gnoll shouts!
The orc warlord roars a battlecry!
The orc warrior goes into a battle-frenzy!
Drink which item? (? for menu, Esc to quit)
A red film seems to cover your vision as you go berserk!
You feel yourself moving faster!
You feel mighty!
You swing at nothing.
You feel a strong urge to attack something.
You swing at nothing.
You swing at nothing.
You feel your anger subside.
You punch the orc warrior! You freeze the orc warrior.
The orc warrior is heavily wounded.
You closely miss the orc warrior.
The orc warrior is heavily wounded.
You are no longer berserk.
You are exhausted.
You feel yourself slow down.
You barely miss the orc warrior.
The orc warrior is heavily wounded.
The orc warrior hits you with a hand axe!!
You hit the orc warrior. You freeze the orc warrior.
The orc warrior is heavily wounded.
You hit the orc warrior. You freeze the orc warrior.
The orc warrior is severely wounded.
The orc warrior barely misses you. The orc warlord completely misses you.
You hit the orc warrior. You freeze the orc warrior.
The orc warrior is almost dead.
You punch the orc warrior! You freeze the orc warrior.
You kill the orc warrior!
Dithmenos accepts your kill.
Your Ice Magic skill increases to level 4!
The orc warlord hits you with a war axe!!
Ouch! That really hurt!
You die...

#...8......#########))(
##...)..####~~~#~~~##(.
##.....#~~#~.....)~#..
##....#~........?~#..
#...##~8.8...8.8##..
#)))'~~.........#...
#...'~~....\....#...
#..og~~.........#...
#..Y##~8.8..g8.8##..
##....#~........!~#..
##.....#~~#~.....}~#..
##......#### ~~#~~~##..
#...8.....)#########...
#.........%'.....'....8
#.........)#~~~~~#.....
##..8..8...#~~~~~#.....
##.......##~~~~~##...8


You could see an orc warlord and a gnoll.

Action                   |  1- 3 |  4- 6 |  7- 9 || total
-------------------------+-------+-------+-------++-------
Melee: Unarmed           |   112 |   139 |   250 ||   501
 Cast: Spider Form       |       |     3 |    11 ||    14
       Ice Form          |       |       |     7 ||     7
  Use: Scroll            |       |     3 |     8 ||    11
       Potion            |       |       |     3 ||     3
 Stab: Sleeping          |     7 |    15 |    11 ||    33
       Distracted        |       |     1 |     1 ||     2
  Eat: Chunk             |     9 |     4 |    15 ||    28

Notes
Turn   | Place    | Note
--------------------------------------------------------------
     0 | D:1      | Duffy the Felid Transmuter began the quest for the Orb.
     0 | D:1      | Reached XP level 1. HP: 9/9 MP: 4/4
   118 | D:2      | Found a shadowy altar of Dithmenos.
   165 | D:2      | Became a worshipper of Dithmenos the Shadowed
   280 | D:1      | Reached skill level 1 in Stealth
   300 | D:1      | Reached XP level 2. HP: 10/12 MP: 6/6
   395 | D:1      | Learned a level 2 spell: Sticks to Snakes
   668 | D:1      | Found a snail-covered altar of Cheibriados.
   680 | D:1      | Reached skill level 2 in Stealth
   880 | D:1      | Reached XP level 3. HP: 13/15 MP: 7/7
  1047 | D:1      | Learned a level 3 spell: Spider Form
  1220 | D:2      | Reached * piety under Dithmenos
  1431 | D:2      | Reached skill level 4 in Unarmed Combat
  1600 | D:2      | Reached skill level 3 in Stealth
  1742 | D:2      | Noticed Sigmund
  1859 | D:2      | Found a white marble altar of Elyvilon.
  1915 | D:2      | Reached XP level 4. HP: 16/19 MP: 8/8
  2441 | D:3      | Found a faded altar to an unknown god.
  2704 | D:3      | Reached ** piety under Dithmenos
  2975 | D:4      | Reached XP level 5. HP: 22/22 MP: 9/9
  3058 | D:4      | Reached skill level 1 in Poison Magic
  3062 | D:4      | Reached skill level 5 in Unarmed Combat
  3062 | D:4      | Reached skill level 3 in Transmutations
  3136 | D:4      | Noticed Crazy Yiuf
  3153 | D:4      | Killed Crazy Yiuf
  3291 | D:4      | Gained mutation: You are covered in thick fur (AC +2). [Felid growth]
  3291 | D:4      | Reached XP level 6. HP: 25/25 MP: 6/10
  3296 | D:4      | Reached skill level 4 in Transmutations
  3460 | D:4      | Found Zubeburch's Weapon Shoppe.
  3487 | D:4      | Reached skill level 6 in Unarmed Combat
  3487 | D:4      | Reached XP level 7. HP: 28/28 MP: 7/11
  3582 | D:4      | Reached skill level 5 in Transmutations
  3594 | D:4      | Learned a level 4 spell: Ice Form
  3669 | D:5      | Entered Level 5 of the Dungeon
  3746 | D:5      | Found a radiant altar of Vehumet.
  3752 | D:5      | Found a glowing drain.
  3765 | Sewer    | Entered a sewer
  3863 | Sewer    | Reached skill level 3 in Dodging
  4181 | D:5      | Slain by an ogre
  4182 | D:5      | Reached XP level 6. HP: -2/26 MP: 8/10
  4185 | D:5      | Found a sacrificial altar of Ru.
  4354 | D:5      | Found a deep blue altar of Sif Muna.
  4389 | D:5      | Reached skill level 2 in Fighting
  4459 | D:5      | Found Ughid's Magic Scroll Emporium.
  4462 | D:5      | Bought a scroll of blinking for 112 gold pieces
  4462 | D:5      | Bought a scroll of teleportation for 45 gold pieces
  4462 | D:5      | Bought a scroll of identify for 30 gold pieces
  4662 | D:5      | Found a basalt altar of Yredelemnul.
  4805 | D:2      | Killed Sigmund
  4805 | D:2      | Reached skill level 4 in Dodging
  4805 | D:2      | Reached XP level 7. HP: 28/30 MP: 11/11
  5063 | D:6      | Reached skill level 3 in Fighting
  5182 | D:6      | Reached skill level 5 in Dodging
  5182 | D:6      | Reached skill level 1 in Ice Magic
  5308 | D:6      | Reached skill level 7 in Unarmed Combat
  5360 | D:6      | Reached *** piety under Dithmenos
  5409 | D:6      | Reached XP level 8. HP: 22/36 MP: 12/12
  5660 | D:6      | Found a runed door.
  5668 | D:6      | Reached skill level 2 in Ice Magic
  5779 | D:6      | Found a basalt altar of Yredelemnul.
  5783 | D:6      | Reached skill level 4 in Fighting
  5783 | D:6      | Reached skill level 6 in Dodging
  5937 | D:6      | Found a staircase to the Ecumenical Temple.
  6421 | D:7      | Reached skill level 3 in Ice Magic
  6511 | D:7      | Reached skill level 5 in Fighting
  6567 | D:7      | Found a shimmering altar of Xom.
  6722 | D:7      | Found a flagged portal.
  6732 | Bailey   | Entered a bailey
  6737 | Bailey   | Noticed an orc warlord
  7006 | Bailey   | Reached **** piety under Dithmenos
  7122 | Bailey   | Reached skill level 8 in Unarmed Combat
  7186 | Bailey   | Found a runed gate.
  7187 | Bailey   | Found a runed gate.
  7188 | Bailey   | Found a runed gate.
  7206 | Bailey   | Mangled by an orc warrior
  7207 | Bailey   | Reached XP level 7. HP: -13/39 MP: 9/11
  7214 | Bailey   | Reached XP level 8. HP: 31/37 MP: 3/12
  7481 | Bailey   | Reached skill level 4 in Ice Magic
  7481 | Bailey   | Mangled by an orc warlord

Vault maps used:
D:1:      dpeg_arrival_shrine, cheibriados_altar_1
D:2:      marbit_many_paths, minmay_tree_intersection, grunt_dithmenos_smoke,
          uniq_sigmund
D:3:      ecumenical_altar_1
D:4:      first_bread, serial_shops, kennysheep_mini, uniq_crazy_yiuf_cottage
D:5:      lemuel_crystal_altar, lemuel_zombie_altar_yredelemnul,
          lemuel_doored_altar, old_standard_altar, serial_shops,
          kennysheep_mini_moat, portal_sewer_entry_d
D:6:      minmay_temple_entry_butterflies, dk_yredelemnul_ordeal
D:7:      lemuel_round_altar, enter_bailey_8
Sewer:    sewer_the_crocodile
Bailey:   bailey_axe_bossmonster_kennysheep, bailey

Vanquished Creatures
  Sigmund
  An ice beast
  6 orc warriors
  4 ogres
  A phantom
  A crocodile
  A big kobold
  2 giant frogs
  2 scorpions
  4 wights
  A giant frog skeleton
  3 orc wizards Crazy Yiuf
  3 hounds
  2 centaur skeletons
  3 iguanas
  2 worker ants
  8 adders
  4 gnolls
  A shadow imp
  2 oozes
  A worm
  An adder skeleton
  3 giant geckos
  13 orcs
  2 ball pythons
  9 bats
  6 giant cockroaches
  2 gnoll zombies
  11 hobgoblins
  27 kobolds
  3 quokkas
  2 giant gecko skeletons
  7 giant newts
  10 goblins
  6 jackals
  A jackal zombie
  A quokka skeleton
  13 rats
171 creatures vanquished.
